 Dungeon Crawl Stone Soup version 0.17-a0-1596-g1e86911 (webtiles) character file.

16942 Nakatomy the Thaumaturge (level 12, -7/73 HPs)
             Began as a Gargoyle Earth Elementalist on July 30, 2015.
             Was an Elder of Vehumet.
             Mangled by a wyvern (14 damage)
             ... on level 3 of the Lair of Beasts on July 31, 2015.
             The game lasted 02:01:16 (19440 turns).

Nakatomy the Thaumaturge (GrEE)                    Turns: 19440, Time: 02:01:16

Health: -7/73      AC: 23    Str: 12    XL:     12   Next: 42%
Magic:  7/28       EV:  7    Int: 25    God:    Vehumet [****..]
Gold:   339        SH:  0    Dex: 10    Spells: 5 memorised, 19 levels left

rFire  . . .     SeeInvis .     a - 197 stones
rCold  + . .     Clarity  .     M - +3 robe of the Eleven Nights {*Corrode rN+ MR++ Stlth+}
rNeg   + + .     SustAt   .     (no shield)
rPois  ∞         Gourm    +     W - +2 helmet
rElec  +         Spirit   .     z - +0 cloak
rCorr  .         Warding  .     (no gloves)
rMut   .         Stasis   .     q - +0 pair of boots
MR     ++...                    A - amulet of the gourmand
Stlth  +++.......               L - ring of protection from cold
                                h - +4 ring of intelligence

@: stone skin, very resistant to hostile enchantments, fairly stealthy
A: negative energy resistance 1, electricity resistance, unbreathing,
petrification resistance, rot immunity, AC +8
a: Renounce Religion


You were on level 3 of the Lair of Beasts.
You worshipped Vehumet.
Vehumet was greatly pleased with you.
You were very full.

You visited 3 branches of the dungeon, and saw 14 of its levels.

You collected 498 gold pieces.
You spent 159 gold pieces at shops.

Inventory:

Hand weapons
 b - a +1 flail of venom
Missiles
 a - 197 stones (in hand)
 E - 5 poisoned javelins (quivered)
Armour
 q - a +0 pair of boots (worn)
 z - a +0 cloak (worn)
 M - the +3 robe of the Eleven Nights (worn) {*Corrode rN+ MR++ Stlth+}
   (You bought it in a shop on level 6 of the Dungeon)

   It protects you from negative energy.
   It affects your resistance to hostile enchantments.
   It may corrode your equipment when you take damage.
   It makes you more stealthy.
 W - a +2 helmet (worn)
Jewellery
 h - a +4 ring of intelligence (left hand)
 y - an uncursed ring of positive energy
 A - an amulet of the gourmand (around neck)
 L - a ring of protection from cold (right hand)
 T - an uncursed ring of see invisible
Magical devices
 j - a wand of confusion (20)
 X - a wand of teleportation (6)
Scrolls
 e - 10 scrolls of teleportation
 m - a scroll of summoning
 w - 3 scrolls of identify
Potions
 c - a potion of lignification {unknown}
 i - 3 potions of heal wounds
 n - 2 potions of resistance
Comestibles
 d - 6 bread rations
 f - a meat ration
 g - 2 slices of pizza


   Skills:
 + Level 7.7 Fighting
 - Level 1.5 Dodging
 - Level 2.1 Stealth
 + Level 12.3 Spellcasting
 + Level 9.4 Conjurations
 - Level 0.7 Transmutations
 + Level 12.0 Earth Magic


You had 19 spell levels left.
You knew the following spells:

 Your Spells              Type           Power        Failure   Level  Hunger
a - Sandblast             Erth           ######       1%          1    None
b - Stone Arrow           Conj/Erth      ######       1%          3    None
c - Stoneskin             Trmt/Erth      #####...     1%          2    None
d - Lee's Rapid Deconstr  Erth           ######....   1%          5    ###....
e - Bolt of Magma         Conj/Fire/Erth ######....   2%          5    ###....


Dungeon Overview and Level Annotations

Branches:
Dungeon (10/15)            Temple (1/1) D:5            Lair (3/8) D:9
  Swamp: Lair:3-6    Shoals: Lair:3-6     Snake: Lair:3-6    Spider: Lair:3-6
    Orc: D:9-12

Altars:
Ashenzari
Cheibriados
Dithmenos
Elyvilon
Fedhas
Gozag
Kikubaaqudgha
Makhleb
Nemelex Xobeh
Okawaru
Qazlal
Ru
Sif Muna
Trog
Vehumet
Xom
Yredelemnul
Zin
The Shining One

Shops:
D:6 [   D:9 =

Annotations:
D:6 FIQ's ghost, experienced FoFi
D:9 Hydra


Innate Abilities, Weirdness & Mutations

You are resistant to torment.
Your stone body is resilient (AC +8).
You are immune to poison.
You resist negative energy.
You are resistant to electric shocks.
You can survive without breathing.
You are immune to petrification.
You are immune to rotting.


Message History

The wyvern bites you. The wyvern misses you. The wolf misses you.
The wolf closely misses you. The wyvern misses you. The wolf barely misses you.
The wyvern bites you but does no damage.
You see here 13 arrows of flame.
The wolf barely misses you. x2
The wolf barely misses you. The wolf bites you. The wolf barely misses you.
The wyvern bites you! The wolf bites you but does no damage.
The wyvern bites you!
* * * LOW HITPOINT WARNING * * *
The wyvern bites you but does no damage.
The wyvern misses you. The wyvern bites you!
* * * LOW HITPOINT WARNING * * *
There is an escape hatch in the ceiling here.
The wolf bites you but does no damage. The wolf barely misses you.
The wolf misses you. The wolf completely misses you. The wyvern bites you!
You die...

###.....###..P.......##
P#.....................#
...................>...#
.......................#
............>.......<..#
........<..............#
.......................#
...............hh......#
..............hl@......#
#..............h.......#
##.#....(..#.##...P##..#
##........####.#### .##
#..........# ### #.
#P........## #.........#
##†.......# #.÷..#....#


You could see a wyvern and 4 wolves.

Vanquished Creatures
  2 hydras
  The ghost of FIQ the Chopper, an experienced FoFi of Yredelemnul (D:5)
  2 black mambas
  6 spiny frogs
  2 komodo dragons (Lair:1)
  A queen bee (D:8)
  A two-headed ogre (D:9)
  Grinder (D:5)
  12 blink frogs (Lair:1)
  11 yaks
  4 wolves (Lair:3)
  Eustachio (D:5)
  A basilisk (Lair:2)
  A deep elf mage (D:9)
  2 hippogriffs
  Edmund (D:6)
  6 water moccasins
  2 porcupines (Lair:2)
  A necrophage (D:5)
  An orc warrior (D:7)
  2 ice beasts (D:9)
  An eye of draining (D:9)
  A sky beast (D:9)
  4 centaurs
  6 big kobolds (D:8)
  3 ogres
  Blork the orc (D:6)
  3 crocodiles
  12 giant frogs
  A wyvern skeleton (D:9)
  2 scorpions
  15 killer bees (D:8)
  3 giant frog zombies
  4 iguanas
  A wasp zombie (D:6)
  2 centaur zombies
  3 crimson imps
  3 jellies
  6 orc priests
  Crazy Yiuf (D:4)
  7 hounds
  A gnoll shaman (D:7)
  2 giant frog skeletons
  7 orc wizards
  4 worker ants
  7 sheep (Lair:3)
  A mummy (D:7)
  A hound skeleton (D:8)
  A hound zombie (D:8)
  11 gnolls
  A worker ant zombie (D:7)
  15 adders
  40 river rats
  3 shadow imps
  An adder zombie (D:8)
  3 worms
  An adder skeleton (D:4)
  10 giant geckos
  33 orcs
  12 giant cockroaches
  5 hobgoblins
  16 jackals
  12 kobolds
  5 quokkas
  A ball python (D:3)
  9 bats
  A giant gecko skeleton (D:7)
  6 giant newts
  4 goblins
  A jackal skeleton (D:4)
  A quokka skeleton (D:4)
  11 rats
  A fungus (Lair:2)
367 creatures vanquished.

Vanquished Creatures (others)
  7 fungi
  A plant (Lair:1)
8 creatures vanquished.

Grand Total: 375 creatures vanquished

Notes
Turn   | Place    | Note
--------------------------------------------------------------
     0 | D:1      | Nakatomy the Gargoyle Earth Elementalist began the quest for the Orb.
     0 | D:1      | Reached XP level 1. HP: 10/10 MP: 3/3
   255 | D:1      | Reached XP level 2. HP: 15/15 MP: 1/5
  1041 | D:1      | Reached skill level 4 in Earth Magic
  1486 | D:2      | Reached XP level 3. HP: 19/19 MP: 4/7
  2257 | D:2      | Reached XP level 4. HP: 20/24 MP: 1/9
  2505 | D:2      | Learned a level 3 spell: Stone Arrow
  2508 | D:2      | Learned a level 2 spell: Stoneskin
  3031 | D:3      | Found a glowing golden altar of the Shining One.
  3237 | D:3      | Reached XP level 5. HP: 28/28 MP: 8/10
  3468 | D:3      | Found a blossoming altar of Fedhas.
  3473 | D:3      | Found a stormy altar of Qazlal.
  3604 | D:3      | Reached skill level 1 in Conjurations
  3760 | D:4      | Learned a level 5 spell: Lee's Rapid Deconstruction
  3778 | D:4      | Reached skill level 5 in Earth Magic
  3862 | D:4      | Noticed an ogre
  3869 | D:4      | Killed an ogre
  3869 | D:4      | Reached skill level 6 in Earth Magic
  3869 | D:4      | Reached XP level 6. HP: 32/32 MP: 9/12
  3960 | D:5      | Entered Level 5 of the Dungeon
  4016 | D:4      | Reached skill level 7 in Earth Magic
  4326 | D:5      | Reached skill level 8 in Earth Magic
  4326 | D:5      | Reached XP level 7. HP: 36/36 MP: 9/13
  4803 | D:5      | Found an opulent altar of Gozag.
  5070 | D:6      | Noticed Blork the orc
  5073 | D:6      | Killed Blork the orc
  5073 | D:6      | Reached skill level 9 in Earth Magic
  5075 | D:6      | Noticed FIQ's ghost (experienced FoFi)
  5401 | D:6      | Reached XP level 8. HP: 38/41 MP: 7/14
  5481 | D:6      | Found Wavud's Antique Armour Shop.
  5629 | D:6      | Reached skill level 10 in Earth Magic
  5733 | D:6      | Noticed Edmund
  5742 | D:6      | Killed Edmund
  6367 | D:5      | Reached skill level 11 in Earth Magic
  6435 | D:5      | Noticed Eustachio
  6451 | D:5      | Killed Eustachio
  6459 | D:5      | Noticed Grinder
  6681 | D:5      | Noticed FIQ's ghost (experienced FoFi)
  6807 | D:5      | Found a staircase to the Ecumenical Temple.
  6847 | Temple   | Entered the Ecumenical Temple
  6933 | Temple   | Became a worshipper of Vehumet
  7093 | D:5      | Killed Grinder
  7093 | D:5      | Reached skill level 5 in Spellcasting
  7429 | D:4      | Noticed an ogre
  7489 | D:4      | Killed an ogre
  7489 | D:4      | Reached XP level 9. HP: 45/45 MP: 8/17
  7942 | D:4      | Noticed Crazy Yiuf
  7946 | D:4      | Killed Crazy Yiuf
  8351 | D:5      | Killed FIQ's ghost
  9046 | D:6      | Bought a tattered robe for 159 gold pieces
  9057 | D:6      | Identified the +3 robe of the Eleven Nights {*Corrode rN+ MR++ Stlth+} (You bought it in a shop on level 6 of the Dungeon)
  9455 | D:7      | Found an iron altar of Okawaru.
  9460 | D:7      | Reached skill level 5 in Conjurations
  9590 | D:7      | Got a smelly leather armour
  9601 | D:7      | Identified the +1 leather armour of Siewycep {+Inv Str+2} (You found it on level 7 of the Dungeon)
  9700 | D:7      | Acquired Vehumet's first power
  9700 | D:7      | Offered knowledge of Sting by Vehumet.
 10253 | D:7      | Found a snail-covered altar of Cheibriados.
 10797 | D:7      | Got a colourful robe
 10808 | D:7      | Identified the +1 robe of the Lion {rPois Regen+ MP+9 Str-2} (You took it off an orc on level 7 of the Dungeon)
 11096 | D:8      | Found a deep blue altar of Sif Muna.
 11127 | D:9      | Found Needwuyd's Jewellery Emporium.
 11299 | D:8      | Reached XP level 10. HP: 50/50 MP: 7/22
 11592 | D:8      | Offered knowledge of Searing Ray by Vehumet.
 12570 | D:8      | Offered knowledge of Inner Flame by Vehumet.
 13199 | D:9      | Found a staircase to the Lair.
 13322 | D:9      | Acquired Vehumet's second power
 13322 | D:9      | Reached skill level 10 in Spellcasting
 13719 | D:9      | Found a burning altar of Makhleb.
 14410 | Lair:1   | Entered Level 1 of the Lair of Beasts
 14419 | Lair:1   | Reached XP level 11. HP: 54/54 MP: 10/25
 14772 | Lair:1   | Reached skill level 1 in Fighting
 14781 | Lair:1   | Noticed a four-headed hydra
 14922 | D:9      | HP: 1/58 [four-headed hydra (12)]
 15221 | D:9      | Offered knowledge of Iskenderun's Mystic Blast by Vehumet.
 16035 | Lair:1   | Reached skill level 5 in Fighting
 16195 | Lair:1   | Acquired Vehumet's third power
 16539 | Lair:1   | Offered knowledge of Bolt of Magma by Vehumet.
 16995 | Lair:1   | Noticed a four-headed hydra
 17001 | Lair:1   | Killed a four-headed hydra
 17001 | Lair:1   | Reached skill level 12 in Spellcasting
 17004 | Lair:1   | Reached XP level 12. HP: 65/71 MP: 2/28
 17261 | Lair:2   | Identified the Grimoire of Destructive Ice
 17702 | D:10     | Entered Level 10 of the Dungeon
 17962 | Lair:2   | Identified a scroll of acquirement
 17992 | Lair:2   | Learned a level 5 spell: Bolt of Magma
 18100 | Lair:2   | Noticed an eight-headed hydra
 18105 | Lair:2   | Killed an eight-headed hydra
 19440 | Lair:3   | Mangled by a wyvern

Vault maps used:
D:1:      elethiomel_arrival_infinity_welcomes_careful_drivers
D:2:      first_bread
D:3:      lemuel_doored_altar, lemuel_crystal_altar, old_standard_altar,
          minmay_unequal
D:4:      uniq_crazy_yiuf_cottage
D:5:      grunt_gozag_breadcrumbs, minmay_temple_entry_enclosed_plants,
          uniq_grinder, uniq_eustachio
D:6:      serial_shops, nicolae_shop_waterfront, uniq_edmund, uniq_blork_the_orc
D:7:      nicolae_overflow_crystal_walls, chei_slow_surprise
D:8:      lemuel_crystal_altar, special_room, minmay_misc_feat_more_columns,
          david_nohive_1
D:9:      old_standard_altar, lair_0_dummy, serial_shops, shop
D:10:     uniq_joseph
Temple:   chambers_temple_12
Lair:1:   grunt_megastairs_3
Lair:3:   spider_nest_entry_a, uniq_harold

Action                   |  1- 3 |  4- 6 |  7- 9 | 10-12 || total
-------------------------+-------+-------+-------+-------++-------
Melee: Unarmed           |     3 |       |       |       ||     3
       Flail             |       |       |       |     5 ||     5
Throw: Javelin           |       |    19 |       |       ||    19
       Stone             |       |     1 |     7 |       ||     8
 Cast: Sandblast         |    85 |   105 |   111 |    73 ||   374
       Stone Arrow       |       |     2 |    83 |   261 ||   346
       Lee's Rapid Decon |       |     1 |    12 |    22 ||    35
       Stoneskin         |       |       |     3 |     9 ||    12
  Use: Scroll            |       |     4 |     6 |    16 ||    26
       Potion            |       |       |     1 |       ||     1
  Eat: Chunk             |     5 |    18 |    26 |    30 ||    79
